 Dungeon Crawl Stone Soup version 0.29-a0-459-g97dee8cd24 (webtiles) character file.

Game seed: 476082296969497529

4486 siradein the Scholar of Death (level 10, 0/73 HPs)
             Began as a Demonspawn Necromancer on May 20, 2022.
             Was a Follower of Kikubaaqudgha.
             Slain by a yak (3 damage)
             ... on level 9 of the Dungeon.
             The game lasted 00:41:49 (9820 turns).

siradein the Scholar of Death (DsNe)                Turns: 9820, Time: 00:41:50

Health: 0/73       AC: 10    Str:  8    XL:     10   Next: 16%
Magic:  4/23       EV: 12    Int: 26    God:    Kikubaaqudgha [*.....]
Gold:   565        SH:  4    Dex: 13    Spells: 15/27 levels left

rFire   + + +      SeeInvis .   G - +0 scimitar (flame)
rCold   + + +      Faith    .   (no shield)
rNeg    . . .      Spirit   .   B - +0 robe "Posted" {rC++}
rPois   +          Reflect  .   (helmet restricted)
rElec   .          Harm     .   k - +1 cloak of Muefoamn {rF+ rC+ Int+4 Slay-6}
rCorr   .          Rampage  .   H - +0 pair of gloves
Will    .....                   I - +0 pair of boots
Stlth   ++........              m - amulet of regeneration
HPRegen 1.02/turn               i - ring of poison resistance
MPRegen 0.18/turn               y - ring of protection from fire

@: animating dead
A: antennae 2, molten scales 3, condensation shield
a: Renounce Religion, Unearth Wretches


You were on level 9 of the Dungeon.
You worshipped Kikubaaqudgha.
Kikubaaqudgha was aware of your devotion.
You visited 2 branches of the dungeon, and saw 10 of its levels.

You collected 565 gold pieces.

Inventory:

Hand Weapons
 f - a +1 dagger of electrocution
 l - a +1 dagger of venom
 q - a +4 dagger of chaos
 G - a +0 scimitar of flaming (weapon)
Missiles
 C - a throwing net
Armour
 k - the +1 cloak of Muefoamn (worn) {rF+ rC+ Int+4 Slay-6}
   (You found it on level 2 of the Dungeon)

   Int:       It affects your intelligence (+4).
   Slay:      It affects your accuracy & damage with ranged weapons and melee
   (-6).
   rF:        It protects you from fire.
   rC:        It protects you from cold.
 B - the +0 robe "Posted" (worn) {rC++}
   (You found it on level 7 of the Dungeon)

   rC:        It greatly protects you from cold.
 H - a +0 pair of gloves (worn)
 I - a +0 pair of boots (worn)
Jewellery
 i - a ring of poison resistance (left hand)
 m - an amulet of regeneration (around neck)
 y - a ring of protection from fire (right hand)
Wands
 p - a wand of mindburst (8)
 s - a wand of acid (7)
 w - a wand of polymorph (5)
Scrolls
 a - 2 scrolls of magic mapping {unknown}
 d - 3 scrolls of silence {unknown}
 h - 4 scrolls of teleportation
 j - 2 scrolls of blinking {unknown}
 o - a scroll of amnesia {unknown}
 r - a scroll of fear {unknown}
 v - 3 scrolls of immolation {unknown}
 D - a scroll of vulnerability {unknown}
 E - a scroll of enchant weapon {unknown}
 F - a scroll of fog {unknown}
 J - a scroll of enchant armour {unknown}
Potions
 b - 3 potions of magic
 c - 9 potions of curing
 e - a potion of berserk rage
 g - 4 potions of might
 n - 2 potions of heal wounds {unknown}
 t - a potion of cancellation {unknown}
 u - a potion of flight {unknown}
 x - 3 potions of brilliance {unknown}
 z - a potion of mutation {unknown}
 A - 2 potions of lignification {unknown}


   Skills:
 + Level 4.9 Fighting
 - Level 1.7 Dodging
 - Level 1.7 Stealth
 + Level 9.3 Spellcasting
 + Level 11.6 Necromancy


You had 15 spell levels left.
You knew the following spells:

 Your Spells              Type           Power      Damage    Failure   Level
a - Necrotize             Necr           100%       1d9       1%          1
b - Vampiric Draining     Necr           64%        2d10      1%          3
c - Animate Dead          Necr           64%        N/A       1%          4
d - Anguish               Hex/Necr       21%        N/A       4%          4

Your spell library contained the following spells:

 Spells                   Type           Power      Damage    Failure   Level
 Agony                    Necr           64%        N/A       1%          5
 Apportation              Tloc           24%        N/A       4%          1
 Summon Small Mammal      Summ           48%        N/A       4%          1
 Ensorcelled Hibernation  Hex/Ice        24%        N/A       8%          2
 Passwall                 Tmut/Erth      10%        N/A       8%          2
 Scorch                   Fire           24%        2d6       8%          2
 Swiftness                Air            12%        N/A       14%         3
 Flame Wave               Conj/Fire      12%        2d6       43%         4
 Fireball                 Conj/Fire      6%         3d5       80%         5
 Starburst                Conj/Fire      6%         6d4       100%        6
 Summon Cactus Giant      Summ           6%         N/A       100%        6
 Ignition                 Fire           6%         3d4       100%        8


Dungeon Overview and Level Annotations

Branches:
Dungeon (9/15)             Temple (1/1) D:5            Lair (0/6) D:8
    Orc: D:9-12

Altars:
Cheibriados
Dithmenos
Fedhas
Gozag
Hepliaklqana
Kikubaaqudgha
Makhleb
Okawaru
Qazlal
Ru
Sif Muna
Trog
Wu Jian
Yredelemnul
Zin
The Shining One

Annotations:
D:5 Menkaure


Innate Abilities, Weirdness & Mutations

You have a pair of antennae on your head.
You are completely covered in molten scales. (AC +4, rF+)
A meltable shield of frost defends you. (SH +4)


Message History

The yak gores you but does no damage. x2
You hit the yak. You burn the yak.
The yak is severely wounded.
The yak gores you but does no damage. The yak completely misses you.
The yak gores you! The yak barely misses you. You block the yak's attack.
The yak closely misses you. The yak barely misses you.
The yak completely misses you.
Unknown command.
Unknown command.
You hit the yak but do no damage.
The yak is severely wounded.
The yak closely misses you. x2; You block the yak's attack.
The yak closely misses you.
You hit the yak. You burn the yak.
The yak is severely wounded.
The yak gores you but does no damage. x2; The yak misses you.
The yak gores you but does no damage. The yak gores you.
The yak gores you but does no damage. The yak misses you.
You block the yak's attack.
You hit the yak. You burn the yak.
The yak is almost dead.
The yak gores you. The yak misses you. The yak gores you. The yak misses you.
Unknown command.
Unknown command.
You closely miss the yak.
The yak is almost dead.
The yak gores you but does no damage. x2; The yak gores you!
* * * LOW HITPOINT WARNING * * *
The yak gores you.
* * * LOW HITPOINT WARNING * * *
Unknown command.
Unknown command.
You barely miss the yak. Your punch misses the yak.
The yak is almost dead.
The yak gores you!
* * * LOW HITPOINT WARNING * * *
The yak completely misses you. You block the yak's attack.
The yak completely misses you. The yak gores you.
You die...
Kikubaaqudgha rasps: "You have failed me!
Welcome... death!"

#################
#................
#................
#.......YYY......
#...<...!@YY.....
#######...###+###...#
...#...###...###.. #
...#..............
...#..............
...#..............#
...#....####+######
...#....#......
...#'####......


You could see 5 yaks.

Vanquished Creatures
  A death yak (D:8)
  Maggie (D:8)
  Psyche (D:8)
  A troll (D:9)
  A yak (D:9)
  A wyvern (D:8)
  3 black bears
  2 ice beasts (D:6)
  An ogre (D:6)
  A phantom (D:5)
  A kobold brigand (D:6)
  3 bullfrogs
  2 scorpions
  A necrophage (D:4)
  4 killer bees (D:7)
  2 howler monkeys (D:7)
  A hound (D:5)
  A jelly (D:7)
  An orc priest (D:6)
  A gnoll shaman (D:6)
  Ijyb (D:4)
  An iguana (D:5)
  3 orc wizards
  8 gnolls
  4 adders
  A shadow imp (D:6)
  A white imp (D:7)
  3 ufetubi
  2 worms
  3 dart slugs
  11 orcs
  3 bats
  6 endoplasms
  4 giant cockroaches
  4 goblins
  6 hobgoblins
  4 jackals
  5 kobolds
  7 quokkas
  5 ball pythons
  3 frilled lizards
  A rat (D:3)
116 creatures vanquished.

Vanquished Creatures (collateral kills)
  An orc warrior (D:7)
  2 black bears
  An ice beast (D:8)
  A phantom (D:6)
  A bullfrog (D:8)
  2 necrophages
  A howler monkey (D:7)
  A hound (D:7)
  A jelly (D:6)
  A gnoll shaman (D:6)
  An orc wizard (D:6)
  A gnoll (D:6)
  An adder (D:4)
  2 white imps
  An orc (D:7)
  A ball python (D:2)
  A giant cockroach (D:4)
  A goblin (D:2)
  A kobold (D:6)
22 creatures vanquished.

Vanquished Creatures (others)
  A gargoyle (D:9)
  A death yak zombie (D:8)
  A killer bee zombie (D:7)
  3 gnoll zombies (D:6)
6 creatures vanquished.

Grand Total: 144 creatures vanquished

Notes
Turn   | Place    | Note
-------+----------+-------------------------------------------
     0 | D:1      | siradein the Demonspawn Necromancer began the quest for the
                  | Orb.
     0 | D:1      | Reached XP level 1. HP: 13/13 MP: 3/3
   519 | D:1      | Gained mutation: A meltable shield of frost defends you.
                  | (SH +4) [demonic ancestry]
   519 | D:1      | Reached XP level 2. HP: 19/19 MP: 3/5
  1207 | D:2      | Reached skill level 5 in Necromancy
  1207 | D:2      | Gained mutation: You are partially covered in molten
                  | scales. (AC +2) [demonic ancestry]
  1207 | D:2      | Reached XP level 3. HP: 14/24 MP: 0/7
  1916 | D:2      | Identified the +1 cloak of Muefoamn {rF+ rC+ Int+4 Slay-6}
  2146 | D:2      | Learned a level 3 spell: Vampiric Draining
  2568 | D:3      | Gained mutation: You have a pair of small antennae on your
                  | head. [demonic ancestry]
  2568 | D:3      | Reached XP level 4. HP: 30/30 MP: 5/8
  2611 | D:3      | Learned a level 4 spell: Animate Dead
  3087 | D:3      | Identified the +0 pair of gloves of the Tormentor {Rampage
                  | rF+ Dex-5}
  3202 | D:3      | Found a faded altar of an unknown god.
  3693 | D:4      | Gained mutation: You have a pair of antennae on your head.
                  | [demonic ancestry]
  3693 | D:4      | Reached XP level 5. HP: 33/35 MP: 2/10
  3793 | D:4      | Noticed Ijyb
  3810 | D:4      | Killed Ijyb
  4120 | D:4      | Reached skill level 6 in Necromancy
  4488 | D:5      | Entered Level 5 of the Dungeon
  4614 | D:5      | Noticed Menkaure
  4765 | D:5      | Found a staircase to the Ecumenical Temple.
  4774 | Temple   | Entered the Ecumenical Temple
  4789 | Temple   | Became a worshipper of Kikubaaqudgha
  4833 | D:5      | Gained mutation: You are mostly covered in molten scales.
                  | (AC +3) [demonic ancestry]
  4833 | D:5      | Reached XP level 6. HP: 41/41 MP: 7/12
  5071 | D:5      | Reached skill level 7 in Necromancy
  5128 | D:5      | Reached skill level 5 in Spellcasting
  5128 | D:5      | Gained mutation: You are completely covered in molten
                  | scales. (AC +4, rF+) [demonic ancestry]
  5128 | D:5      | Reached XP level 7. HP: 28/46 MP: 9/14
  5798 | D:6      | Reached skill level 8 in Necromancy
  5950 | D:6      | Reached * piety under Kikubaaqudgha
  5950 | D:6      | Received a gift from Kikubaaqudgha
  5973 | D:6      | Learned a level 4 spell: Anguish
  6163 | D:6      | Reached XP level 8. HP: 52/52 MP: 15/17
  6547 | D:6      | Reached skill level 9 in Necromancy
  7293 | D:7      | Identified the +0 robe "Posted" {rC++}
  7327 | D:7      | Reached skill level 10 in Necromancy
  7454 | D:7      | Reached XP level 9. HP: 57/57 MP: 16/20
  7670 | D:7      | Identified the +0 chain mail "Xumip" {rF+ Int+4}
  8107 | D:8      | Found a staircase to the Lair.
  8107 | D:8      | Noticed a death yak
  8131 | D:8      | HP: 2/57 [death yak (17)]
  8132 | D:8      | Killed a death yak
  8534 | D:8      | Found a blossoming altar of Fedhas.
  8556 | D:8      | Reached skill level 11 in Necromancy
  8610 | D:8      | Noticed Psyche
  8636 | D:8      | Killed Psyche
  8699 | D:8      | Found an opulent altar of Gozag.
  8704 | D:8      | Found a basalt altar of Yredelemnul.
  8708 | D:8      | Found a shimmering blue altar of Sif Muna.
  8708 | D:8      | Found a shadowy altar of Dithmenos.
  8717 | D:8      | Found a burning altar of Makhleb.
  8874 | D:8      | Found a sacrificial altar of Ru.
  8985 | D:8      | Noticed Maggie
  8996 | D:8      | Killed Maggie
  9519 | D:9      | Noticed a gargoyle
  9529 | D:9      | Killed a gargoyle
  9530 | D:9      | Reached XP level 10. HP: 38/73 MP: 18/23
  9820 | D:9      | HP: 3/73 [yak (10)]
  9820 | D:9      | Slain by a yak

Illustrated notes

Levels and vault maps discovered:
D:1:      pf_arrival_petrified_forest, layout_basic
D:2:      layout_loops_corners, grunt_ministairs_6, minivault_19,
          minmay_pentomino_pile
D:3:      layout_basic, dreamdust_ecumenical_altar_angels_and_demons
D:4:      layout_cave_pods, uniq_ijyb
D:5:      layout_basic, minmay_temple_entry_drinking_statues,
          kennysheep_generic_room_2, uniq_menkaure
D:6:      layout_loops_ring, kennysheep_nub
D:7:      layout_cave_pods
D:8:      layout_cave_pods, lemuel_tele_altar,
          mainiacjoe_overflow_cross_hatched, minitemple, david_lair_generic,
          uniq_psyche, uniq_maggie
D:9:      cheibrodos_steamvent, layout_gridville
Temple:   zaba_magenta_temple

Skill      XL: |  1  2  3  4  5  6  7  8  9 |
---------------+----------------------------+-----
Necromancy     | 5 6 7 8 10 11 | 11.6
Spellcasting   | 3 4 5 6 7 9 |  9.3
Fighting       | 4 |  4.9
Dodging        | |  1.7
Stealth        | |  1.7

Action                   |  1- 3 |  4- 6 |  7- 9 | 10-12 || total
-------------------------+-------+-------+-------+-------++-------
Melee: Dagger            |     6 |   112 |   137 |       ||   255
       Unarmed           |     1 |       |       |       ||     1
       Great sword       |       |    32 |       |       ||    32
       Punch             |       |     1 |     2 |       ||     3
       Scimitar          |       |       |    20 |    13 ||    33
 Cast: Necrotize         |    59 |    65 |    89 |       ||   213
       Vampiric Draining |       |     2 |    34 |     7 ||    43
       Animate Dead      |       |       |     6 |     1 ||     7
       Anguish           |       |       |     1 |       ||     1
  Use: Scroll            |       |     4 |     1 |       ||     5
       Potion            |       |     1 |       |       ||     1
Armor: Robe              |     2 |    42 |    83 |    19 ||   146
       Leather armour    |       |    60 |       |       ||    60
Dodge: Dodged            |     9 |   129 |   137 |    28 ||   303
Block: Other             |     1 |    43 |    46 |     5 ||    95

Table legend: (Time is in decaauts)
 A = Elapsed time spent in this place.
 B = Non-inter-level travel time spent in this place.
 C = Inter-level travel time spent in this place.
 D = Time resting spent in this place.
 E = Time spent auto-exploring this place.
 F = Levels seen in this place.
 G = Mean time per level.
                   A        B        C        D        E       F      G
               +--------+--------+--------+--------+--------+-----+--------+
         Total |   9842 |   9668 |    174 |    447 |   7528 |  10 |  984.2 |
       Dungeon |   9811 |   9637 |    174 |    447 |   7521 |   9 | 1090.1 |
        Temple |     30 |     30 |      0 |      0 |      7 |   1 |   30.0 |
               +--------+--------+--------+--------+--------+-----+--------+

Top non-repeatable levels by time:
     D:7: 1468 daAuts
     D:2: 1342 daAuts
     D:4: 1214 daAuts
     D:6: 1188 daAuts
     D:8: 1172 daAuts
     D:1: 1130 daAuts
     D:5: 1078 daAuts
     D:3: 818 daAuts
     D:9: 399 daAuts
  Temple: 30 daAuts
